TOP OF THE 1ST |
Trenton Stars batting - Pitching for Amarillo Archdukes : RHP Sébastien Benoit
|
Pitching: RHP Sébastien Benoit
|
|
Batting: LHB Alberto Gómez
|
0-0: Swinging Strike 0-1: Ball 1-1: Swinging Strike 1-2: Ball 2-2: Strikes out swinging
|
Batting: RHB Nick Bowman
|
0-0: Ground out 6-3 (Groundball, 6M)
|
Batting: RHB Salvador Gonzáles
|
0-0: Called Strike 0-1: Ball 1-1: Foul Ball, location: 2F 1-2: Ball 2-2: Foul Ball, location: 2F 2-2: Ball 3-2: Foul Ball, location: 2F 3-2: Foul Ball, location: 2F 3-2: Base on Balls
|
Batting: LHB Alonzo Medine
|
0-0: Swinging Strike 0-1: Called Strike 0-2: Ball 1-2: SINGLE (Groundball, 4M) Salvador Gonzáles to second
|
Batting: RHB Chris Cole
|
0-0: Hit by Pitch Salvador Gonzáles to third Alonzo Medine to second
|
Batting: LHB Ju-wei Shiu
|
0-0: Foul Ball, location: 2F 0-1: Ball 1-1: Ball 2-1: Called Strike 2-2: Ball 3-2: Base on Balls Salvador Gonzáles scores Alonzo Medine to third Chris Cole to second
|
Batting: RHB Rafael Canales
|
0-0: Ball 1-0: Ball 2-0: Called Strike 2-1: Ball 3-1: Base on Balls Alonzo Medine scores Chris Cole to third Ju-wei Shiu to second
|
Batting: RHB Jesús Dávila
|
0-0: Swinging Strike 0-1: Foul Ball, location: 2F 0-2: Ball 1-2: Ground out 5-3 (Groundball, 5S)
|
Top of the 1st over - 2 run(s), 1 hit(s), 0 error(s), 3 left on base; Trenton 2 - Amarillo 0 |
BOTTOM OF THE 1ST |
Amarillo Archdukes batting - Pitching for Trenton Stars : RHP Juan Vázquez
|
Pitching: RHP Juan Vázquez
|
|
Batting: RHB Mitsuoki Taguchi
|
0-0: Ground out 6-3 (Groundball, 6)
|
Batting: LHB Howard Lambert
|
0-0: SINGLE (Flyball, 7LS)
|
Batting: RHB Tim Chambers
|
0-0: Called Strike 0-1: DOUBLE (Flyball, 8LD) Howard Lambert to third Runner from 3rd tries for Home, SAFE, no throw or cutoff
|
Batting: LHB Chris Pryor
|
0-0: Called Strike 0-1: Foul Ball, location: 2F 0-2: Strikes out swinging
|
Batting: RHB Ronald Parsons
|
0-0: Foul Ball, location: 2F 0-1: Called Strike 0-2: Strikes out swinging
|
Bottom of the 1st over - 1 run(s), 2 hit(s), 0 error(s), 1 left on base; Trenton 2 - Amarillo 1 |
TOP OF THE 2ND |
Trenton Stars batting - Pitching for Amarillo Archdukes : RHP Sébastien Benoit
|
Batting: SHB Rafael Villa
|
0-0: Foul Ball, location: 2F 0-1: Ball 1-1: Ball 2-1: Fly out, F9 (Flyball, 9D)
|
Batting: LHB Alberto Gómez
|
0-0: Called Strike 0-1: Ball 1-1: Reached on Error, E6 (Popup, 56D)
|
Batting: RHB Nick Bowman
|
0-0: Ball 1-0: Swinging Strike 1-1: Swinging Strike 1-2: Strikes out swinging
|
Batting: RHB Salvador Gonzáles
|
0-0: Called Strike 0-1: Ball 1-1: SINGLE (Groundball, 34D) Alberto Gómez to second Alberto Gómez to third
|
Batting: LHB Alonzo Medine
|
0-0: Ball 1-0: Ball 2-0: Foul Ball, location: 2F 2-1: Called Strike 2-2: Ball 3-2: Ground out U3 (Groundball, 3S)
|
Top of the 2nd over - 0 run(s), 1 hit(s), 1 error(s), 2 left on base; Trenton 2 - Amarillo 1 |
BOTTOM OF THE 2ND |
Amarillo Archdukes batting - Pitching for Trenton Stars : RHP Juan Vázquez
|
Batting: RHB José Tamayo
|
0-0: Called Strike 0-1: Swinging Strike 0-2: Ball 1-2: Strikes out swinging
|
Batting: RHB Jorge Espinosa
|
0-0: Ball 1-0: Foul Ball, location: 2F 1-1: Foul Ball, location: 2F 1-2: Ball 2-2: SINGLE (Line Drive, 34)
|
Pitching: LHP Luis Guevara
|
|
Batting: RHB Tony Quinn
|
Pickoff Throw to First - Error! E1 Jorge Espinosa to second 0-0: SINGLE (Groundball, 6) Jorge Espinosa to third Runner from 3rd tries for Home, SAFE, no throw or cutoff
|
Batting: RHB Mark Roy
|
0-0: Ball 1-0: Called Strike 1-1: Foul Ball, location: 2F 1-2: SINGLE (Line Drive, 5D) Tony Quinn to second
|
Batting: RHB Mitsuoki Taguchi
|
0-0: Ball 1-0: Swinging Strike 1-1: Called Strike 1-2: Strikes out swinging
|
Batting: LHB Howard Lambert
|
0-0: Swinging Strike 0-1: Ground out 4-3 (Groundball, 4)
|
Bottom of the 2nd over - 1 run(s), 3 hit(s), 1 error(s), 2 left on base; Trenton 2 - Amarillo 2 |
TOP OF THE 3RD |
Trenton Stars batting - Pitching for Amarillo Archdukes : RHP Sébastien Benoit
|
Batting: RHB Chris Cole
|
0-0: Ball 1-0: SOLO HOME RUN (Flyball, 78XD), Distance : 368 ft
|
Batting: LHB Ju-wei Shiu
|
0-0: Ball 1-0: Ball 2-0: Ball
|
|
|
|
3-0: Swinging Strike 3-1: Called Strike 3-2: Ground out 6-3 (Groundball, 6)
|
Batting: RHB Rafael Canales
|
0-0: Ball 1-0: Swinging Strike 1-1: Called Strike 1-2: Strikes out swinging
|
Batting: RHB Jesús Dávila
|
0-0: SINGLE (Line Drive, 56D)
|
Batting: SHB Rafael Villa
|
0-0: Ball 1-0: Ball 2-0: Called Strike 2-1: Foul Ball, location: 2F 2-2: Ball 3-2: SINGLE (Groundball, 4) Jesús Dávila to second Jesús Dávila to third
|
Batting: LHB Alberto Gómez
|
0-0: Ball 1-0: Foul Ball, location: 2F 1-1: Fly out, F8 (Flyball, 8LM)
|
Top of the 3rd over - 1 run(s), 3 hit(s), 0 error(s), 2 left on base; Trenton 3 - Amarillo 2 |
BOTTOM OF THE 3RD |
Amarillo Archdukes batting - Pitching for Trenton Stars : LHP Luis Guevara
|
Batting: RHB Tim Chambers
|
0-0: Called Strike 0-1: Swinging Strike 0-2: Foul Ball, location: 2F 0-2: Ball 1-2: Strikes out swinging
|
Pitching: RHP Jonathan Booker
|
|
Batting: LHB Chris Pryor
|
0-0: Foul Ball, location: 2F 0-1: Ball 1-1: SOLO HOME RUN (Flyball, 9D), Distance : 356 ft
|
Batting: RHB Ronald Parsons
|
0-0: Foul Ball, location: 2F 0-1: SINGLE (Line Drive, 9LS)
|
Batting: RHB José Tamayo
|
0-0: Ball 1-0: Ball 2-0: Ball 3-0: Base on Balls Ronald Parsons to second
|
Batting: RHB Jorge Espinosa
|
0-0: Ball 1-0: Ball 2-0: Foul Ball, location: 2F 2-1: Ball 3-1: Base on Balls Ronald Parsons to third José Tamayo to second
|
Pitching: LHP Michael Puckett
|
|
Batting: RHB Tony Quinn
|
0-0: Swinging Strike 0-1: Foul Ball, location: 2F 0-2: Foul Ball, location: 2F 0-2: Foul Ball, location: 2F 0-2: Ball 1-2: Foul Ball, location: 2F 1-2: Fly out, F6 (Popup, 6)
|
Batting: RHB Mark Roy
|
0-0: Called Strike 0-1: Ball 1-1: Ball 2-1: Ball 3-1: Base on Balls Ronald Parsons scores José Tamayo to third Jorge Espinosa to second
|
Pitching: RHP Alfredo Ruíz
|
|
Batting: RHB Mitsuoki Taguchi
|
0-0: Ball 1-0: Ball 2-0: Called Strike 2-1: Swinging Strike 2-2: Ball 3-2: Base on Balls José Tamayo scores Jorge Espinosa to third Mark Roy to second
|
Batting: LHB Howard Lambert
|
0-0: Ball 1-0: Called Strike 1-1: Swinging Strike 1-2: Strikes out swinging
|
Bottom of the 3rd over - 3 run(s), 2 hit(s), 0 error(s), 3 left on base; Trenton 3 - Amarillo 5 |
TOP OF THE 4TH |
Trenton Stars batting - Pitching for Amarillo Archdukes : RHP Sébastien Benoit
|
Batting: RHB Nick Bowman
|
0-0: Called Strike 0-1: Ball 1-1: Foul Ball, location: 2F 1-2: Foul Ball, location: 2F 1-2: Fly out, F7 (Flyball, 78S)
|
Batting: RHB Salvador Gonzáles
|
0-0: Ball 1-0: Fly out, F3 (Line Drive, 3)
|
Batting: LHB Alonzo Medine
|
0-0: Ball 1-0: SOLO HOME RUN (Flyball, 89XD), Distance : 377 ft
|
Batting: RHB Chris Cole
|
0-0: Foul Ball, location: 2F 0-1: SINGLE (Groundball, 6MD)
|
Pitching: LHP Kevin Andrews
|
|
Batting: LHB Ju-wei Shiu
|
0-0: Swinging Strike 0-1: Called Strike 0-2: Foul Ball, location: 2F 0-2: Foul Ball, location: 2F 0-2: Strikes out looking
|
Top of the 4th over - 1 run(s), 2 hit(s), 0 error(s), 1 left on base; Trenton 4 - Amarillo 5 |
BOTTOM OF THE 4TH |
Amarillo Archdukes batting - Pitching for Trenton Stars : RHP Alfredo Ruíz
|
Pitching: RHP Gilberto Martínez
|
|
Batting: RHB Tim Chambers
|
0-0: Ball 1-0: Ball 2-0: Ball 3-0: Base on Balls
|
Batting: LHB Chris Pryor
|
0-0: Ball 1-0: Foul Ball, location: 2F 1-1: SINGLE (Line Drive, 56) Tim Chambers to second
|
Batting: RHB Ronald Parsons
|
0-0: Swinging Strike 0-1: Ball 1-1: Fly out, F8 (Flyball, 8LM)
|
Batting: RHB José Tamayo
|
0-0: Ball 1-0: Ball 2-0: Ball 3-0: Base on Balls Tim Chambers to third Chris Pryor to second
|
Batting: RHB Jorge Espinosa
|
0-0: Foul Ball, location: 2F 0-1: SINGLE (Line Drive, 8RS) Tim Chambers scores Chris Pryor to third José Tamayo to second Runner from 3rd tries for Home, SAFE, throw made at trailing runner, OUT at third!
|
Batting: RHB Tony Quinn
|
0-0: Called Strike 0-1: Ball 1-1: Fly out, F7 (Flyball, 78M)
|
Bottom of the 4th over - 2 run(s), 2 hit(s), 0 error(s), 1 left on base; Trenton 4 - Amarillo 7 |
TOP OF THE 5TH |
Trenton Stars batting - Pitching for Amarillo Archdukes : LHP Kevin Andrews
|
Batting: RHB Rafael Canales
|
0-0: Foul Ball, location: 2F 0-1: Swinging Strike 0-2: Foul Ball, location: 2F 0-2: Ball 1-2: Ball 2-2: Strikes out looking
|
Batting: RHB Jesús Dávila
|
0-0: Ball 1-0: Ball 2-0: Hit by Pitch
|
Batting: SHB Rafael Villa
|
0-0: Ball 1-0: Called Strike 1-1: Ball 2-1: Called Strike 2-2: Ball Jesús Dávila steals 2nd base 3-2: Foul Ball, location: 2F 3-2: Strikes out swinging
|
Batting: LHB Alberto Gómez
|
0-0: Ball 1-0: Ball 2-0: Swinging Strike 2-1: Foul Ball, location: 2F 2-2: Ball 3-2: Foul Ball, location: 2F 3-2: Foul Ball, location: 2F 3-2: Base on Balls
|
Batting: RHB Nick Bowman
|
0-0: Ball 1-0: Foul Ball, location: 2F 1-1: Foul Ball, location: 2F 1-2: Ball 2-2: Ball 3-2: SINGLE (Flyball, 89S) Jesús Dávila to third Alberto Gómez to second Jesús Dávila scores Alberto Gómez to third
|
Batting: RHB Salvador Gonzáles
|
0-0: Called Strike 0-1: Ball 1-1: Ball 2-1: Ball 3-1: Base on Balls Nick Bowman to second
|
Batting: LHB Alonzo Medine
|
0-0: Ball 1-0: Swinging Strike 1-1: Fly out, F9 (Flyball, 9LS)
|
Top of the 5th over - 1 run(s), 1 hit(s), 0 error(s), 3 left on base; Trenton 5 - Amarillo 7 |
BOTTOM OF THE 5TH |
Amarillo Archdukes batting - Pitching for Trenton Stars : RHP Gilberto Martínez
|
Batting: RHB Mark Roy
|
0-0: Ball 1-0: Ball 2-0: Ground out 6-3 (Groundball, 6)
|
Batting: RHB Mitsuoki Taguchi
|
0-0: SOLO HOME RUN (Flyball, 89XD), Distance : 364 ft
|
Batting: LHB Howard Lambert
|
0-0: SINGLE (Line Drive, 34)
|
Batting: RHB Tim Chambers
|
0-0: SINGLE (Groundball, 6D) Howard Lambert to second
|
Batting: LHB Chris Pryor
|
0-0: Foul Ball, location: 2F 0-1: Called Strike 0-2: Ball 1-2: Foul Ball, location: 2F 1-2: SINGLE (Flyball, 56D) Howard Lambert to third Tim Chambers to second Runner from 3rd tries for Home, SAFE, throw made home
|
Batting: RHB Ronald Parsons
|
0-0: Ball 1-0: SINGLE (Line Drive, 34) Tim Chambers to third Chris Pryor to second Runner from 3rd tries for Home, SAFE, throw made home Chris Pryor to third Ronald Parsons to second
|
Batting: RHB José Tamayo
|
0-0: Called Strike 0-1: Ball 1-1: Ground out 1-3 (Groundball, 13S)
|
Batting: RHB Jorge Espinosa
|
0-0: Ball 1-0: Ball 2-0: Called Strike 2-1: Ball 3-1: Base on Balls
|
Batting: RHB Tony Quinn
|
0-0: Ball 1-0: Ground out 5-3 (Groundball, 5L)
|
Bottom of the 5th over - 3 run(s), 5 hit(s), 0 error(s), 3 left on base; Trenton 5 - Amarillo 10 |
TOP OF THE 6TH |
Trenton Stars batting - Pitching for Amarillo Archdukes : LHP Kevin Andrews
|
Batting: RHB Chris Cole
|
0-0: Called Strike 0-1: Fly out, F8 (Flyball, 8LM)
|
Batting: LHB Ju-wei Shiu
|
0-0: Ball 1-0: Foul Ball, location: 2F 1-1: Ball 2-1: Foul Ball, location: 2F 2-2: Ball 3-2: Ground out 1-3 (Groundball, 5S)
|
Batting: RHB Rafael Canales
|
0-0: Ball 1-0: Ball 2-0: Ball 3-0: Called Strike 3-1: Base on Balls
|
Batting: RHB Jesús Dávila
|
0-0: Ball 1-0: Called Strike 1-1: Ball 2-1: Ground out 5-3 (Groundball, 15S)
|
Top of the 6th over - 0 run(s), 0 hit(s), 0 error(s), 1 left on base; Trenton 5 - Amarillo 10 |
BOTTOM OF THE 6TH |
Amarillo Archdukes batting - Pitching for Trenton Stars : RHP Gilberto Martínez
|
Batting: RHB Mark Roy
|
0-0: Ball 1-0: Foul Ball, location: 2F 1-1: Foul Ball, location: 2F 1-2: Ball 2-2: DOUBLE (Line Drive, 9LM)
|
Batting: RHB Mitsuoki Taguchi
|
0-0: Called Strike 0-1: Ball 1-1: Ball 2-1: Foul Ball, location: 2F 2-2: Ball 3-2: Base on Balls
|
Batting: LHB Howard Lambert
|
0-0: Ball 1-0: Foul Ball, location: 2F 1-1: Foul Ball, location: 2F 1-2: Grounds out, U3 (Groundball, 3L) Mark Roy to third
|
Batting: RHB Tim Chambers
|
0-0: SINGLE (Flyball, 9LM) Mark Roy scores Mitsuoki Taguchi to third Runner from 3rd tries for Home, SAFE, no throw or cutoff
|
Batting: LHB Chris Pryor
|
0-0: Ball 1-0: Ball 2-0: 2-RUN HOME RUN (Flyball, 9D), Distance : 338 ft
|
Pitching: RHP Juan Aguilar
|
|
Batting: RHB Ronald Parsons
|
0-0: Called Strike 0-1: Ball 1-1: SOLO HOME RUN (Line Drive, 89XD), Distance : 383 ft
|
Batting: RHB José Tamayo
|
0-0: Ball 1-0: Ball 2-0: Foul Ball, location: 2F 2-1: Swinging Strike 2-2: Foul Ball, location: 2F 2-2: Ground out 6-3 (Groundball, 6)
|
Batting: RHB Jorge Espinosa
|
0-0: Ground out 5-3 (Groundball, 5)
|
Bottom of the 6th over - 5 run(s), 4 hit(s), 0 error(s), 0 left on base; Trenton 5 - Amarillo 15 |
TOP OF THE 7TH |
Trenton Stars batting - Pitching for Amarillo Archdukes : LHP Kevin Andrews
|
Pitching: LHP Glenn Dunn
|
|
Batting: SHB Rafael Villa
|
0-0: Ball 1-0: Called Strike 1-1: Ball 2-1: Ball 3-1: Foul Ball, location: 2F 3-2: Strikes out looking
|
Batting: LHB Alberto Gómez
|
0-0: Ball 1-0: Called Strike 1-1: Called Strike 1-2: Ground out 6-3 (Groundball, 6M)
|
Batting: RHB Nick Bowman
|
0-0: Ball 1-0: Swinging Strike 1-1: Ball 2-1: Fly out, F5 (Line Drive, 5)
|
Top of the 7th over - 0 run(s), 0 hit(s), 0 error(s), 0 left on base; Trenton 5 - Amarillo 15 |
BOTTOM OF THE 7TH |
Amarillo Archdukes batting - Pitching for Trenton Stars : RHP Juan Aguilar
|
Batting: RHB Tony Quinn
|
0-0: Ball 1-0: Ball 2-0: Hit by Pitch
|
Batting: RHB Mark Roy
|
0-0: Called Strike 0-1: Called Strike 0-2: Foul Ball, location: 2F 0-2: Foul Ball, location: 2F 0-2: Foul Ball, location: 2F 0-2: Ball Tony Quinn is caught stealing 2nd base 1-2: Hit by Pitch
|
Batting: RHB Mitsuoki Taguchi
|
0-0: Called Strike 0-1: Swinging Strike 0-2: Ball Throwing error on steal attempt, E2 Mark Roy to third 1-2: Ground out 4-3 (Groundball, 4M) Mark Roy scores
|
Batting: LHB Howard Lambert
|
0-0: Called Strike 0-1: Ball 1-1: Ball 2-1: Swinging Strike 2-2: Foul Ball, location: 2F 2-2: Ball 3-2: Base on Balls
|
Batting: RHB Tim Chambers
|
0-0: Swinging Strike 0-1: Ball 1-1: Foul Ball, location: 2F 1-2: Ball 2-2: Strikes out swinging
|
Bottom of the 7th over - 1 run(s), 0 hit(s), 1 error(s), 1 left on base; Trenton 5 - Amarillo 16 |
TOP OF THE 8TH |
Trenton Stars batting - Pitching for Amarillo Archdukes : LHP Glenn Dunn
|
Batting: RHB Salvador Gonzáles
|
0-0: Ball 1-0: Foul Ball, location: 2F 1-1: Ball 2-1: Foul Ball, location: 2F 2-2: Ball 3-2: Ground out 4-3 (Groundball, 4M)
|
Batting: LHB Alonzo Medine
|
0-0: Foul Ball, location: 2F 0-1: Ball 1-1: Ball 2-1: Swinging Strike 2-2: Strikes out swinging
|
Batting: RHB Chris Cole
|
0-0: Ball 1-0: Ball 2-0: Ground out 4-3 (Groundball, 4)
|
Top of the 8th over - 0 run(s), 0 hit(s), 0 error(s), 0 left on base; Trenton 5 - Amarillo 16 |
BOTTOM OF THE 8TH |
Amarillo Archdukes batting - Pitching for Trenton Stars : RHP Juan Aguilar
|
Batting: LHB Chris Pryor
|
0-0: Ball 1-0: Ball 2-0: DOUBLE (Flyball, 89M)
|
Batting: RHB Ronald Parsons
|
0-0: Ball 1-0: Ground out 5-3 (Groundball, 5S) Chris Pryor to third
|
Batting: RHB José Tamayo
|
0-0: Swinging Strike 0-1: Ball 1-1: Ball 2-1: Foul Ball, location: 2F 2-2: Strikes out swinging
|
Batting: RHB Jorge Espinosa
|
0-0: Ball 1-0: Foul Ball, location: 2F 1-1: Ground out 6-3 (Groundball, 56)
|
Bottom of the 8th over - 0 run(s), 1 hit(s), 0 error(s), 1 left on base; Trenton 5 - Amarillo 16 |
TOP OF THE 9TH |
Trenton Stars batting - Pitching for Amarillo Archdukes : LHP Glenn Dunn
|
Now in RF: Jorge Martínez
|
|
Batting: LHB Ju-wei Shiu
|
0-0: Called Strike 0-1: Fly out, F2 (Popup, 2LF)
|
Batting: RHB Rafael Canales
|
0-0: Called Strike 0-1: Fly out, F9 (Flyball, 9LM)
|
Batting: RHB Jesús Dávila
|
0-0: Foul Ball, location: 2F 0-1: Ball 1-1: SINGLE (Line Drive, 7S)
|
Batting: SHB Rafael Villa
|
0-0: Ball 1-0: Foul Ball, location: 2F 1-1: Ball 2-1: Swinging Strike 2-2: SINGLE (Line Drive, 6MD) Jesús Dávila to second
|
Batting: LHB Alberto Gómez
|
0-0: Called Strike 0-1: Ball 1-1: Swinging Strike 1-2: Ball 2-2: Ball 3-2: Foul Ball, location: 2F 3-2: Strikes out swinging
|
Top of the 9th over - 0 run(s), 2 hit(s), 0 error(s), 2 left on base; Trenton 5 - Amarillo 16 |
|
Monday, December 5th, 2016 - OOTP Baseball 17.12 Build 75
|
|